 Dungeon Crawl Stone Soup version 0.21.1-1-g345015f (webtiles) character file.

591653 diana the Intangible (level 27, -2/239 HPs)
             Began as a Merfolk Gladiator on June 20, 2018.
             Was an Initiate of Gozag.
             Splashed by an acid blob's acid (13 damage)
             ... created by the Royal Jelly
             ... on level 5 of the Pits of Slime.
             The game lasted 04:06:14 (79157 turns).

diana the Intangible (Merfolk Gladiator)           Turns: 79157, Time: 04:06:15

Health: -2/239     AC: 15    Str: 28    XL:     27
Magic:  41/41      EV: 42    Int: 10    God:    Gozag
Gold:   2178       SH: 40    Dex: 44    Spells: 25/48 levels left

rFire    + + +     SeeInvis +   R - +18 lance "Wyrmbane" {slay drac, rPois rF+ rC+ AC+3}
rCold    + + +     Gourm    .   T - +5 large shield {rC+ rF+}
rNeg     + . .     Faith    .   E - +4 ring mail of the Invisible Hand {MR+ Str+5}
rPois    +         Spirit   .   U - +0 hat "Ackanoo" {Dex+7}
rElec    +         Reflect  +   a - +2 cloak "Owkudikack" {rF+ Dex+4}
rCorr    .         Harm     .   e - +2 pair of gloves {Dex+3}
MR       +++..     NoTele   +   V - +2 pair of boots {run}
Stlth    +++.......             t - brooch of Shielding {Reflect SH+8}
HPRegen  0.49/turn              g - ring "Pacun" {rElec rPois Str+3 Dex+3}
MPRegen  0.27/turn              O - ring of Suspicion {-Tele rN+ Str+3 Dex+6 SInv}

@: corroded, gold aura, quick
A: change form in water, swift swim, stealthy swim, icy blue scales 1, molten
scales 1, cold resistance 1, high mp 1, weak 1, subdued magic 1
}: 3/15 runes: serpentine, barnacled, silver
a: Potion Petition, Call Merchant, Bribe Branch, Renounce Religion


You were on level 5 of the Pits of Slime.
You worshipped Gozag.
Gozag was most pleased with you.
You were not hungry.

You visited 13 branches of the dungeon, and saw 56 of its levels.
You visited the Abyss 3 times.
You visited 1 bazaar.
You also visited: Sewer and Volcano.

You collected 30221 gold pieces.
You spent 9066 gold pieces at shops.
You paid 18977 gold pieces to Gozag.

Inventory:

Hand Weapons
 R - the +18 lance "Wyrmbane" (weapon) {slay drac, rPois rF+ rC+ AC+3}
   (You bought it in a shop on level 8 of the Dungeon)

   It affects your AC (+3).
   It protects you from fire.
   It protects you from cold.
   It protects you from poison.
Missiles
 d - 7 throwing nets (quivered)
Armour
 a - the +2 cloak "Owkudikack" (worn) {rF+ Dex+4}
   (You found it on level 3 of the Elven Halls)

   It affects your dexterity (+4).
   It protects you from fire.
 e - a +2 pair of gloves of dexterity (worn)
 E - the +4 ring mail of the Invisible Hand (worn) {MR+ Str+5}
   (You found it on level 4 of the Depths)

   It affects your strength (+5).
   It affects your resistance to hostile enchantments.
 T - a +5 large shield of resistance (worn)
 U - the +0 hat "Ackanoo" (worn) {Dex+7}
   (You bought it in a shop on level 1 of the Crypt)

   It affects your dexterity (+7).
 V - a +2 pair of boots of running (worn)
Jewellery
 g - the ring "Pacun" (left hand) {rElec rPois Str+3 Dex+3}
   (You took it off a deep elf knight on level 3 of the Elven Halls)

   [ring of poison resistance]

   It affects your strength (+3).
   It affects your dexterity (+3).
   It insulates you from electricity.
   It protects you from poison.
 t - the brooch of Shielding (around neck) {Reflect SH+8}
   (You took it off a deep elf mage on level 3 of the Elven Halls)

   [amulet of reflection]

   It shields you and reflects attacks.
   It affects your SH (+8).
 O - the ring of Suspicion (right hand) {-Tele rN+ Str+3 Dex+6 SInv}
   (You bought it in a shop in a bazaar)

   [ring of dexterity]

   It affects your strength (+3).
   It affects your dexterity (+6).
   It protects you from negative energy.
   It lets you see invisible.
   It prevents most forms of teleportation.
Wands
 v - a wand of enslavement (30)
 w - a wand of flame (121)
 B - a wand of acid (37)
 H - a wand of digging (22)
 L - a wand of paralysis (50)
 M - a wand of scattershot (7)
 P - a wand of disintegration (36)
Scrolls
 c - 17 scrolls of teleportation
 j - 4 scrolls of fear
 l - 5 scrolls of magic mapping
 m - 20 scrolls of remove curse
 n - a scroll of enchant weapon
 o - 8 scrolls of fog
 q - 9 scrolls of blinking
 u - 4 scrolls of silence
 y - 2 scrolls of brand weapon
 J - 2 scrolls of amnesia
Potions
 x - 7 potions of might
 z - a potion of mutation
 C - 7 potions of resistance
 D - a potion of flight
 F - 5 potions of agility
 G - 8 potions of haste
 I - 6 potions of berserk rage
 K - 7 potions of invisibility
Books
 b - a book of Debilitation

   Spells                             Type                      Level
   a - Corona                         Hexes                        1
   b - Slow                           Hexes                        2
   c - Inner Flame                    Hexes/Fire                   3
   d - Portal Projectile              Hexes/Translocation          3
   e - Cause Fear                     Hexes                        4
   f - Leda's Liquefaction            Hexes/Earth                  4
 p - a book of Unlife

   Spells                             Type                      Level
   a - Recall                         Summoning/Translocation      3
   b - Animate Dead                   Necromancy                   4
   c - Borgnjor's Vile Clutch         Necromancy/Earth             5
   d - Death Channel                  Necromancy                   6
   e - Simulacrum                     Ice/Necromancy               6
 Y - the Guide on Dark Magic
   (You found it on level 3 of the Crypt)

   Spells                             Type                      Level
   a - Regeneration                   Charms/Necromancy            3
   b - Excruciating Wounds            Charms/Necromancy            5
   c - Bolt of Draining               Conjuration/Necromancy       5
   d - Dispel Undead                  Necromancy                   5
   e - Death Channel                  Necromancy                   6
   f - Infestation                    Necromancy                   8
Miscellaneous
 h - a phial of floods
 k - a phial of floods
 r - a sack of spiders
 s - a phial of floods
 A - a phantom mirror
 N - 2 boxes of beasts
 Q - a lamp of fire
 S - a lightning rod (4/4)
 X - a phial of floods
 Z - a lamp of fire
Comestibles
 f - 11 rations


   Skills:
 * Level 24.3 Fighting
 + Level 19.2 Polearms
 - Level 2.0 Throwing
 - Level 7.1 Armour
 O Level 27 Dodging
 * Level 21.0 Shields
 - Level 11.0 Spellcasting
 - Level 3.5 Translocations
 - Level 10.7 Transmutations
 - Level 5.0 Air Magic
 - Level 3.3 Earth Magic
 - Level 10.7 Poison Magic
 + Level 12.7 Evocations


You had 25 spell levels left.
You knew the following spells:

 Your Spells              Type           Power        Failure   Level  Hunger
a - Passwall              Tmut/Erth      ###.......   1%          2    None
b - Mephitic Cloud        Conj/Pois/Air  ##......     8%          3    ##.....
c - Alistair's Intoxicat  Tmut/Pois      ###.....     8%          5    #####..
d - Blink                 Tloc           N/A          9%          2    None
e - Apportation           Tloc           #.....       5%          1    None
f - Ignite Poison         Fire/Tmut/Pois ###.....     3%          3    ##.....
g - Petrify               Tmut/Erth      ###.....     13%         4    ####...
h - Regeneration          Chrm/Necr      #.........   61%         3    ##.....


Dungeon Overview and Level Annotations

Branches:
Dungeon (15/15)            Temple (1/1) D:6            Lair (6/6) D:8
 Shoals (4/4) Lair:4        Snake (4/4) Lair:2        Slime (5/5) Lair:6
    Orc (2/2) D:9             Elf (3/3) Orc:2        Vaults (5/5) D:14
  Crypt (3/3) Vaults:3       Tomb (2/3) Crypt:3      Depths (5/5) D:15
   Hell (1/1)                 Zot (0/5) Depths:5
    Dis: Hell:1         Geh: Hell:1         Coc: Hell:1         Tar: Hell:1

Altars:
Ashenzari
Cheibriados
Dithmenos
Elyvilon
Fedhas
Gozag
Hepliaklqana
Kikubaaqudgha
Makhleb
Nemelex Xobeh
Okawaru
Qazlal
Ru
Sif Muna
Trog
Uskayaw
Vehumet
Wu Jian
Xom
Yredelemnul
Zin
The Shining One

Shops:
D:5 }   D:6 :   D:7 [   D:8 *   D:10 [   D:14 =   Orc:2 [?}?[   Lair:4 [
Snake:4 :   Vaults:2 :   Vaults:4 =!   Crypt:1 [   Depths:5 =

Portals:
Hell: Depths:1 Depths:2 Depths:3 Depths:4 Depths:5
Abyss: Depths:3 Depths:4
Pandemonium: Depths:2 Depths:3 Depths:4
Ziggurat: Depths:5

Annotations:
Slime:5 Royal Jelly
Elf:2 3 runed doors
Hell Geryon


Innate Abilities, Weirdness & Mutations

You revert to your normal form in water.
You are very nimble and swift while swimming.
You are very stealthy in the water. (Stealth+)
You are partially covered in icy blue scales. (AC +2)
You are partially covered in molten scales. (AC +2)
Your flesh is cold resistant. (rC+)
You have an increased reservoir of magic. (+10% MP)
You are weak. (Str -2)
Your spells are a little easier to cast, but a little less powerful.


Message History

Your slime creature is splashed with acid.
The Royal Jelly misses you. The Royal Jelly hits you!!
* * * LOW HITPOINT WARNING * * *
The acid corrodes you!
You are splashed with acid!
The acid burns!
* * * LOW HITPOINT WARNING * * *
The acid blob hits you!!
* * * LOW HITPOINT WARNING * * *
You are splashed with acid!
The acid burns!
* * * LOW HITPOINT WARNING * * *
The acid blob spits acid at you.
The splash of acid reflects off an invisible shield around you!
The splash of acid hits the acid blob.
The acid blob completely resists.
The death ooze barely misses your slime creature.
The death ooze hits your slime creature!
You block the acid blob's attack. You block the death ooze's attack. x2
The acid blob spits acid at you. The splash of acid hits you!
You are splashed with acid!
The acid burns!
You die...
Your body crumbles into a pile of gold.

...# $ ##.... ....#
##..... .....# $ $ .##
$##...... ......# $ ..#
##.......
.......#####.####........
.......$$................
.......$.JG..............
.......JJJJ..............
......J.@JJJ.............
.......J.J...............
.........JJ..............
........................<
...........J.............
.........................
.........................
.........................
#.......................#


You could see the Royal Jelly, 5 acid blobs, 3 death oozes, a friendly great orb
of eyes and 5 friendly slime creatures.

Vanquished Creatures
  An ancient lich (Crypt:3)
  Mara (Snake:4)
  Mennas (Vaults:5)
  2 greater mummies
  Bai Suzhen (Shoals:4)
  Boris (Vaults:4)
  2 golden dragons
  Nikola (Snake:1)
  A bone dragon (Crypt:3)
  The ghost of matthes123 the Executioner, an adept MiBe of Trog (Vaults:1)
  2 tentacled monstrosities
  A hellephant (Abyss:3)
  Asterion (Snake:3)
  A Hell Sentinel (Abyss:5)
  A quicksilver dragon (Vaults:5)
  2 deep elf blademasters (Elf:3)
  2 deep elf master archers (Elf:3)
  5 liches
  3 acid blobs
  10 tentacled starspawn
  9 sphinxes
  3 ancient champions
  Agnes (Elf:2)
  3 shadow dragons
  7 tengu reavers
  A storm dragon (Vaults:5)
  10 nagarajas
  Donald (Orc:2)
  Ilsuiw (Shoals:4)
  A draconian monk (Depths:5)
  3 revenants
  An iron dragon (Vaults:5)
  2 daevas (Depths:5)
  7 fire giants
  An azure jelly (Slime:2)
  8 deep elf sorcerers
  10 vault wardens
  14 frost giants
  A draconian knight (Depths:5)
  Aizul (Snake:1)
  2 cacodemons
  7 deep elf elementalists
  An orc warlord (Vaults:3)
  Louise (Shoals:4)
  3 curse skulls
  A ghoul (Vaults:4)
  5 war gargoyles
  6 ironheart preservers
  3 reapers
  The ghost of emiel the Impaler, a journeyman MfGl of Trog (Lair:5)
  A draconian shifter (Depths:5)
  5 spriggan defenders
  A draconian stormcaller (Abyss:3)
  10 stone giants
  An entropy weaver (Abyss:4)
  28 very ugly things
  Nessos (Orc:2)
  11 vampire knights
  6 deep elf demonologists
  4 lorocyprocas (Hell)
  9 deep elf annihilators
  A purple draconian (Depths:5)
  A black draconian (Depths:5)
  2 spark wasps
  2 white draconians (Depths:5)
  An eidolon (Crypt:2)
  8 merfolk javelineers
  2 blizzard demons
  14 ettins
  6 deep elf death magi
  A death ooze (Slime:4)
  A green death (Abyss:4)
  11 merfolk impalers
  4 jiangshi
  6 mummy priests
  7 yaktaur captains
  44 slime creatures
  7 vault guards
  14 ogre magi
  5 fire dragons
  4 rakshasas
  11 great orbs of eyes
  4 deep elf high priests
  Fannar (D:10)
  Erolcha (Orc:2)
  The ghost of teukkam the Grappler, a novice TrMo (Lair:2)
  8 naga warriors
  7 hydras
  10 ice dragons
  5 spriggan air magi
  7 death knights
  62 two-headed ogres
  3 alligator snapping turtles (Shoals:4)
  3 catoblepae
  Harold (Lair:4)
  10 centaur warriors
  14 anacondas
  4 merfolk aquamancers
  5 merfolk avatars
  8 hell hogs
  3 satyrs
  3 death scarabs (Tomb:2)
  7 vampire magi
  The ghost of poxu the Thaumaturge, a journeyman DEWz of Vehumet (D:10)
  10 shock serpents
  5 deep troll shamans
  The ghost of teukkam the Grappler, a novice TrMo (D:9)
  5 deep troll earth magi
  7 tengu warriors
  2 spriggan berserkers (Depths:3)
  A thrashing horror (Abyss:5)
  3 titan zombies
  10 naga sharpshooters
  23 deep elf knights
  14 hell knights
  4 soul eaters
  8 sun demons
  A storm dragon zombie (Crypt:3)
  Sonja (D:10)
  A titan skeleton (Crypt:2)
  6 wretched stars
  The ghost of matthes123 the Martial Artist, a novice OpTm of Ru (D:8)
  An iron troll (Depths:1)
  A salamander mystic (Snake:3)
  37 skeletal warriors
  A ghost moth zombie (Crypt:1)
  11 sea snakes
  2 spatial maelstroms
  15 starcursed masses
  2 unseen horrors
  4 flayed ghosts
  4 sixfirhies
  4 glowing orange brains
  A golden dragon zombie (Crypt:3)
  13 wizards
  17 ironbrand convokers
  A shadow dragon zombie (Crypt:3)
  14 deep trolls
  7 harpies
  19 deep elf archers
  2 anaconda skeletons
  5 naga ritualists
  Pikel (D:5)
  20 orc knights
  78 deep elf magi
  An iron dragon zombie (Crypt:2)
  8 necromancers
  10 phantasmal warriors
  5 wolf spiders
  9 mana vipers
  An oklob plant (Lair:1)
  2 stone giant zombies
  16 fauns
  A wolf spider (shapeshifter) (Vaults:5)
  5 orc sorcerers
  12 cyclopes
  2 frost giant zombies
  A worldbinder (Abyss:4)
  A fire giant zombie (Depths:4)
  34 ugly things
  2 frost giant skeletons
  9 salamanders
  17 merfolk sirens
  19 manticores
  4 stone giant skeletons
  4 rust devils
  A dire elephant zombie (Abyss:4)
  Psyche (D:10)
  19 guardian serpents
  A black mamba (shapeshifter) (Vaults:4)
  2 iron dragon skeletons
  4 apocalypse crabs
  7 fire giant skeletons (Crypt:3)
  12 vault sentinels
  3 molten gargoyles
  35 black mambas
  12 elephants
  A torpor snail (Lair:6)
  A smoke demon (Abyss:3)
  2 torpor snails (shapeshifter)
  15 naga magi
  A dire elephant skeleton (Crypt:1)
  A catoblepas zombie (Hell)
  21 spiny frogs
  3 water nymphs
  4 gargoyles (Crypt:3)
  5 komodo dragons
  An elf zombie (Depths:4)
  A white draconian zombie (Crypt:2)
  3 hellions
  A rime drake (Lair:1)
  A demonic crawler (Hell)
  8 freezing wraiths
  A redback zombie (Crypt:2)
  2 yaktaur zombies (Hell)
  2 efreet
  33 yaktaurs
  An emperor scorpion zombie (Crypt:2)
  3 harpy zombies (Crypt:2)
  2 ancient zymes
  13 guardian mummies
  2 tengu conjurers
  2 meliai (Abyss:4)
  An ice devil (Depths:1)
  5 red devils
  A hellwing (Depths:3)
  10 trolls
  40 merfolk
  A wind drake (shapeshifter) (Vaults:2)
  A jumping spider (shapeshifter) (D:10)
  4 tyrant leeches (Lair:6)
  3 wind drakes
  2 trolls (shapeshifter)
  A polar bear (Lair:4)
  A raiju (shapeshifter) (Vaults:3)
  A meliai (shapeshifter) (D:14)
  5 hornets
  2 hydra skeletons
  A fire giant simulacrum (Crypt:2)
  2 harpy skeletons
  20 raiju
  A stone giant simulacrum (Crypt:2)
  2 hippogriffs (shapeshifter)
  16 blink frogs
  10 hippogriffs
  7 snapping turtles
  An ettin zombie (Hell)
  7 dream sheep
  A fire dragon zombie (Crypt:2)
  6 ynoxinuls
  4 shadows
  4 spriggans (Depths:4)
  An ettin skeleton (Crypt:3)
  10 fire dragon skeletons (Crypt:3)
  19 flying skulls
  10 large abominations
  A dire elephant simulacrum (Crypt:2)
  3 air elementals
  A tarantella (shapeshifter) (Vaults:3)
  8 redbacks (Depths:4)
  5 wyverns
  8 vampires (Crypt:3)
  22 water elementals
  5 golden eyes (Abyss:5)
  10 wraiths
  4 basilisks
  A fire bat (shapeshifter) (Depths:4)
  47 yaks
  4 ushabtiu (Tomb:1)
  Eustachio (D:5)
  The ghost of aaksess the Shooter, an amateur CeHu (D:3)
  2 black mamba skeletons (Crypt:2)
  2 chaos spawn
  6 neqoxecs (Abyss:3)
  2 fire elementals (Elf:3)
  5 fire bats
  6 vampire mosquitoes (Lair:6)
  A golden eye (shapeshifter) (Vaults:3)
  A human simulacrum (Vaults:2)
  6 hungry ghosts
  4 spatial vortices (Abyss:3)
  Menkaure (D:5)
  11 wargs
  49 nagas
  9 water moccasins
  14 hell hounds
  Duvessa (D:5)
  6 acid dragons
  A hydra simulacrum (Tomb:1)
  5 porcupines
  A porcupine (shapeshifter) (Vaults:5)
  A floating eye (shapeshifter) (Vaults:5)
  45 orc warriors
  7 sky beasts
  A tengu skeleton (D:15)
  3 eyes of draining
  6 phantoms
  2 slaves (D:5)
  A black bear (shapeshifter) (Depths:5)
  5 ice beasts
  41 ogres
  2 black bears
  A snapping turtle zombie (Crypt:1)
  7 wolves
  19 centaurs
  6 boggarts
  A rime drake zombie (Crypt:2)
  A torpor snail zombie (Crypt:1)
  10 crocodiles
  A big kobold (shapeshifter) (Vaults:3)
  A gnoll sergeant (D:9)
  A hippogriff zombie (Crypt:2)
  28 bullfrogs
  9 big kobolds
  3 wyvern zombies
  A water moccasin zombie (D:10)
  4 earth elementals
  Dowan (D:5)
  7 scorpions
  4 small abominations
  14 killer bees
  11 wights
  The ghost of Iko the Chopper, a weakling FoGl (D:4)
  4 electric eels
  6 crimson imps
  6 lava snakes (Volcano)
  3 centaur zombies
  3 bullfrog zombies
  3 quasits
  5 bullfrog skeletons
  A demonspawn zombie (Crypt:1)
  9 hounds
  26 orc priests
  5 jellies
  19 orc wizards
  6 centaur skeletons
  A demonspawn skeleton (Crypt:1)
  2 hell rats
  5 iguanas
  8 worker ants
  An ogre zombie (Crypt:2)
  A hound skeleton (D:6)
  11 mummies (Tomb:1)
  4 worker ant zombies
  17 gnolls
  A gnoll (shapeshifter) (D:14)
  A steam dragon zombie (Crypt:2)
  12 adders
  A shadow imp (D:5)
  A white imp (Abyss:3)
  An adder zombie (D:9)
  2 worms (D:5)
  3 dart slugs
  6 leopard geckos
  100 orcs
  6 giant cockroaches
  30 goblins
  39 hobgoblins
  10 jackals
  34 kobolds
  9 quokkas
  2 ball pythons
  6 bats
  6 frilled lizards
  A hobgoblin skeleton (Crypt:1)
  2 jackal zombies
  A quokka skeleton (D:5)
  9 rats
  11 plants
  2 starspawn tentacles (Abyss:3)
2446 creatures vanquished.

Vanquished Creatures (collateral kills)
  An ancient lich (Vaults:5)
  A greater mummy (Tomb:1)
  A golden dragon (Vaults:5)
  A titan (Vaults:5)
  A quicksilver dragon (Vaults:5)
  2 sphinxes
  2 shadow dragons (Vaults:5)
  3 fire giants (Vaults:5)
  A tengu reaver (Vaults:5)
  4 vault wardens (Vaults:5)
  2 frost giants (Vaults:5)
  2 stone giants (Vaults:5)
  An ironheart preserver (Vaults:5)
  A war gargoyle (Vaults:5)
  A deep elf annihilator (Vaults:5)
  A deep elf death mage (Vaults:5)
  A mummy priest (Tomb:1)
  5 ettins (Vaults:5)
  A deep elf high priest (Vaults:5)
  A yaktaur captain (Vaults:5)
  4 vault guards (Vaults:5)
  A hydra (D:14)
  A naga warrior (Snake:2)
  A two-headed ogre (Vaults:4)
  A dancing weapon (Vaults:5)
  An iron troll (shapeshifter) (Vaults:5)
  A shadow wraith (Vaults:5)
  A deep troll (Vaults:5)
  A flayed ghost (Vaults:4)
  A glowing orange brain (shapeshifter) (Vaults:5)
  2 deep elf magi (Vaults:5)
  A vault sentinel (Vaults:4)
  A freezing wraith (Vaults:4)
  A shadow (D:14)
  2 nagas
  An ogre (Vaults:4)
  A centaur (Vaults:4)
  A crimson imp (Hell)
  3 mummies (Tomb:2)
  3 orcs (Vaults:4)
62 creatures vanquished.

Vanquished Creatures (others)
  2 tentacled monstrosities (Vaults:5)
  3 titans (Vaults:5)
  A deep elf master archer (Elf:3)
  A tengu reaver (Vaults:5)
  2 fire giants
  A frost giant (Vaults:5)
  A vault warden (Vaults:5)
  A war gargoyle (Vaults:5)
  3 stone giants
  A mummy priest (Tomb:2)
  An ettin (Vaults:5)
  A deep elf death mage (Vaults:5)
  5 yaktaur captains
  2 deep elf high priests (Vaults:5)
  14 vault guards (Vaults:5)
  A catoblepas (shapeshifter) (Vaults:5)
  3 centaur warriors
  18 dancing weapons
  9 death scarabs (Tomb:2)
  A deep elf knight (Elf:1)
  An orc knight (Vaults:5)
  2 deep elf archers
  A mana viper (shapeshifter) (Vaults:5)
  2 deep elf magi
  A cyclops (Shoals:3)
  A manticore (Shoals:4)
  A faun (Shoals:1)
  A salamander (Snake:1)
  A black mamba (Snake:1)
  2 naga magi (Snake:4)
  A guardian serpent (Snake:4)
  10 yaktaurs
  A guardian mummy (Tomb:2)
  2 merfolk
  5 flying skulls (Tomb:2)
  An air elemental (Depths:3)
  2 ushabtiu (Tomb:2)
  A swamp worm (shapeshifter) (Vaults:5)
  A warg (Vaults:2)
  2 nagas (Snake:4)
  An orc warrior (Orc:2)
  An ogre (Depths:3)
  2 centaurs
  A crimson imp (Abyss:4)
  2 starcursed masses (Abyss:5)
  2 mummies (Tomb:2)
  An adder (D:5)
  8 orcs (Orc:2)
  A giant cockroach (D:5)
  2 goblins (D:5)
  A hobgoblin (D:5)
  A kobold (D:12)
  8 fungi (Lair:6)
  58 plants
  27 starspawn tentacles
  8 tentacles (Abyss:5)
  A withered plant (D:15)
235 creatures vanquished.

Grand Total: 2743 creatures vanquished

Notes
Turn   | Place    | Note
-------+----------+-------------------------------------------
     0 | D:1      | diana the Merfolk Gladiator began the quest for the Orb.
     0 | D:1      | Reached XP level 1. HP: 16/16 MP: 1/1
    64 | D:1      | Found an ancient bone altar of Kikubaaqudgha.
   108 | D:1      | Reached XP level 2. HP: 23/23 MP: 2/2
   117 | D:1      | Reached skill level 5 in Polearms
   677 | D:2      | Reached XP level 3. HP: 26/28 MP: 3/3
  1273 | D:3      | Noticed aaksess's ghost (amateur CeHu)
  1287 | D:3      | Killed aaksess's ghost
  1287 | D:3      | Reached XP level 4. HP: 37/37 MP: 4/4
  1287 | D:3      | Reached XP level 5. HP: 42/42 MP: 5/5
  1530 | D:3      | Reached XP level 6. HP: 48/48 MP: 6/6
  2203 | D:4      | Noticed Iko's ghost (weakling FoGl)
  2217 | D:4      | Killed Iko's ghost
  2392 | D:4      | Found a snail-covered altar of Cheibriados.
  2528 | D:4      | Found a sparkling altar of Nemelex Xobeh.
  2648 | D:5      | Entered Level 5 of the Dungeon
  2690 | D:5      | Noticed a black bear
  2704 | D:5      | Found Bicecogegh's Gadget Boutique.
  2708 | D:5      | Noticed a slave
  2708 | D:5      | Noticed a slave
  2709 | D:5      | Noticed a slave
  2709 | D:5      | Noticed a slave
  2710 | D:5      | Noticed Pikel
  2720 | D:5      | Killed a slave
  2723 | D:5      | Killed a slave
  2731 | D:5      | Killed Pikel
  2731 | D:5      | Reached skill level 5 in Fighting
  2731 | D:5      | Reached XP level 7. HP: 37/57 MP: 7/7
  2731 | D:5      | Reached XP level 8. HP: 42/64 MP: 8/8
  2754 | D:5      | Found a glowing drain.
  2768 | Sewer    | Entered a sewer
  3209 | D:5      | Noticed Menkaure
  3222 | D:5      | Killed Menkaure
  3424 | D:5      | Reached XP level 9. HP: 69/72 MP: 9/9
  3697 | D:5      | Noticed Dowan
  3699 | D:5      | Noticed Duvessa
  3720 | D:5      | Killed Duvessa
  3732 | D:5      | Killed Dowan
  4096 | D:5      | Noticed Eustachio
  4173 | D:5      | Killed Eustachio
  4255 | D:5      | Reached skill level 1 in Armour
  4354 | D:5      | Reached skill level 5 in Dodging
  4600 | D:6      | Found a staircase to the Ecumenical Temple.
  4631 | D:6      | Found Foqeohud's Book Emporium.
  4673 | Temple   | Entered the Ecumenical Temple
  4716 | Temple   | Became a worshipper of Ru the Awakened
  5357 | D:6      | Found a shimmering altar of Xom.
  6261 | D:7      | Reached skill level 6 in Dodging
  6290 | D:7      | Found Onkugitere's Antique Armour Shoppe.
  6295 | D:7      | Bought a colourful robe for 125 gold pieces
  6305 | D:7      | Identified the cursed +1 robe of the Louse {Str+2 SInv} (You bought it in a shop on level 7 of the Dungeon)
  6567 | Temple   | Fell from the grace of Ru
  6567 | Temple   | Became a worshipper of Gozag Ym Sagoz the Greedy
  6607 | D:7      | Noticed a two-headed ogre
  6611 | D:7      | Reached XP level 10. HP: 78/83 MP: 10/10
  6624 | D:7      | Killed a two-headed ogre
  6624 | D:7      | Reached skill level 7 in Dodging
  8042 | D:8      | Noticed matthes123's ghost (novice OpTm)
  8043 | D:8      | Reached skill level 8 in Dodging
  8062 | D:8      | Killed matthes123's ghost
  8062 | D:8      | Reached skill level 10 in Fighting
  8109 | D:8      | Noticed a two-headed ogre
  8132 | D:8      | Killed a two-headed ogre
  8132 | D:8      | Reached skill level 9 in Dodging
  8425 | D:8      | Found a staircase to the Lair.
  8449 | D:8      | HP: 2/86 [komodo dragon (29)]
  8452 | D:8      | Reached XP level 11. HP: 20/92 MP: 11/11
  8913 | D:8      | Found Rokimimp's Assorted Antiques.
  9056 | D:8      | Reached skill level 5 in Armour
  9291 | D:9      | Found a staircase to the Orcish Mines.
  9339 | D:9      | Noticed teukkam's ghost (novice TrMo)
  9506 | D:9      | Found a sparkling altar of Nemelex Xobeh.
  9842 | D:9      | Found a radiant altar of Vehumet.
  9845 | D:9      | Found a white marble altar of Elyvilon.
  9845 | D:9      | Found a blossoming altar of Fedhas.
  9845 | D:9      | Found a hide-covered altar of Uskayaw.
  9846 | D:9      | Noticed a two-headed ogre
  9856 | D:9      | Killed a two-headed ogre
  9856 | D:9      | Reached skill level 10 in Dodging
  9857 | D:9      | Found a shattered altar of Ashenzari.
  9857 | D:9      | Found an iron altar of Okawaru.
 10059 | D:9      | Gained mutation: You have a pair of small horns on your head. [potion of mutation]
 10059 | D:9      | Gained mutation: Scrolls take you a little longer to read. [potion of mutation]
 10059 | D:9      | Lost mutation: Scrolls take you a little longer to read. [potion of mutation]
 10059 | D:9      | Gained mutation: Your mind is acute. (Int +2) [potion of mutation]
 10060 | D:9      | Lost mutation: You have a pair of small horns on your head. [potion of mutation]
 10060 | D:9      | Gained mutation: You are frail. (-10% HP) [potion of mutation]
 10060 | D:9      | Gained mutation: Armour fits poorly on your strangely shaped body. [potion of mutation]
 10060 | D:9      | Gained mutation: You are very frail. (-20% HP) [potion of mutation]
 10060 | D:9      | Gained mutation: You are partially covered in icy blue scales. (AC +2) [potion of mutation]
 10061 | D:9      | Lost mutation: Armour fits poorly on your strangely shaped body. [potion of mutation]
 10061 | D:9      | Lost mutation: You are very frail. (-20% HP) [potion of mutation]
 10061 | D:9      | Lost mutation: Your mind is acute. (Int +2) [potion of mutation]
 10061 | D:9      | Gained mutation: You are agile. (Dex +2) [potion of mutation]
 10062 | D:9      | Lost mutation: You are agile. (Dex +2) [potion of mutation]
 10062 | D:9      | Lost mutation: You are frail. (-10% HP) [potion of mutation]
 10062 | D:9      | Gained mutation: You are frail. (-10% HP) [potion of mutation]
 10062 | D:9      | Lost mutation: You are frail. (-10% HP) [potion of mutation]
 10062 | D:9      | Gained mutation: You are agile. (Dex +2) [potion of mutation]
 10453 | D:10     | Entered Level 10 of the Dungeon
 10453 | D:10     | Noticed poxu's ghost (journeyman DEWz)
 10475 | D:10     | Killed poxu's ghost
 10477 | D:10     | Noticed a two-headed ogre
 10499 | D:10     | Killed a two-headed ogre
 10797 | D:10     | Noticed Sonja
 10808 | D:10     | Cast into level 1 of the Abyss (Sonja)
 10844 | D:10     | Escaped the Abyss
 11470 | D:10     | Found Fudd's Armour Emporium.
 11499 | D:10     | Bought the +3 warlock's mirror {reflect} for 560 gold pieces
 11499 | D:10     | Found the +3 warlock's mirror {reflect}
 11515 | D:10     | Killed Sonja
 11515 | D:10     | Reached skill level 11 in Dodging
 11587 | D:10     | Noticed Psyche
 11601 | D:10     | Killed Psyche
 11852 | D:10     | Reached skill level 1 in Shields
 11961 | D:10     | Noticed Fannar
 11988 | D:10     | Killed Fannar
 12773 | D:11     | Noticed a cyclops
 12800 | D:11     | Killed a cyclops
 12800 | D:11     | Reached XP level 12. HP: 82/102 MP: 12/12
 13357 | D:11     | Reached skill level 12 in Dodging
 13777 | D:9      | Killed teukkam's ghost
 14355 | D:9      | Noticed a two-headed ogre
 14370 | D:9      | Killed a two-headed ogre
 14441 | D:9      | Found a deep blue altar of Sif Muna.
 14738 | Lair:1   | Entered Level 1 of the Lair of Beasts
 14794 | Lair:1   | Reached skill level 5 in Shields
 15303 | Lair:1   | Reached skill level 13 in Dodging
 16340 | Lair:2   | Noticed teukkam's ghost (novice TrMo)
 16379 | Lair:2   | Killed teukkam's ghost
 16637 | Lair:2   | Reached XP level 13. HP: 101/111 MP: 13/13
 16797 | Lair:2   | Found a staircase to the Snake Pit.
 17181 | Lair:3   | Found a dark tunnel.
 17228 | Volcano  | Entered a volcano
 18147 | Volcano  | Found a burning altar of Makhleb.
 18160 | Volcano  | Reached skill level 14 in Dodging
 19568 | Orc:1    | Entered Level 1 of the Orcish Mines
 20234 | D:8      | Bought the +8 lance "Wyrmbane" {slay drac, rPois rF+ rC+ AC+3} for 2504 gold pieces
 20234 | D:8      | Found the +8 lance "Wyrmbane" {slay drac, rPois rF+ rC+ AC+3}
 20370 | Orc:2    | Entered Level 2 of the Orcish Mines
 20427 | Orc:2    | Noticed Erolcha
 20548 | Orc:2    | Killed Erolcha
 20710 | Orc:2    | Reached skill level 15 in Dodging
 21171 | Orc:2    | Found Plog's Antique Armour Shoppe.
 21175 | Orc:2    | Noticed Donald
 21210 | Orc:2    | Killed Donald
 21210 | Orc:2    | Reached XP level 14. HP: 55/121 MP: 14/14
 21696 | Orc:2    | Bought a fabulously ornate robe for 159 gold pieces
 21706 | Orc:2    | Identified the cursed +0 robe "Ido Eseh" {rPois rC+ Str+4 Int-4 Slay+3} (You bought it in a shop on level 2 of the Orcish Mines)
 21829 | Orc:2    | Found Godghunaa's Magic Scroll Shoppe.
 21829 | Orc:2    | Found Arrillaf's Gadget Boutique.
 21829 | Orc:2    | Found Eclo's Magic Scroll Shop.
 21893 | Orc:2    | Found Uleg's Antique Armour Emporium.
 21948 | Orc:2    | Bought a pair of warped gloves for 294 gold pieces
 21958 | Orc:2    | Identified the +0 pair of gloves of Moral Flaws {rPois rC+ Dex-5} (You bought it in a shop on level 2 of the Orcish Mines)
 22125 | Orc:2    | Found a staircase to the Elven Halls.
 22140 | Orc:2    | Noticed Nessos
 22163 | Orc:2    | Killed Nessos
 22685 | Orc:1    | Reached skill level 15 in Fighting
 23162 | Lair:4   | Noticed Harold
 23180 | Lair:4   | Killed Harold
 23238 | Lair:4   | Reached skill level 16 in Dodging
 23264 | Lair:4   | Reached skill level 10 in Shields
 23432 | Lair:4   | Identified Sif Muna's Handbook of Venom and Changing
 23482 | Lair:4   | Found a staircase to the Shoals.
 23590 | Lair:4   | Learned a level 2 spell: Passwall
 23594 | Lair:4   | Learned a level 3 spell: Mephitic Cloud
 23601 | Lair:4   | Learned a level 6 spell: Statue Form
 24026 | Lair:5   | Noticed emiel's ghost (journeyman MfGl)
 24053 | Lair:5   | Killed emiel's ghost
 24183 | Lair:5   | Reached skill level 1 in Transmutations
 24665 | Lair:5   | Reached skill level 1 in Poison Magic
 24875 | Lair:6   | Entered Level 6 of the Lair of Beasts
 24877 | Lair:6   | Found a staircase to the Slime Pits.
 24884 | Lair:6   | Reached skill level 1 in Spellcasting
 24884 | Lair:6   | Reached skill level 1 in Evocations
 25099 | Lair:6   | Reached XP level 15. HP: 94/129 MP: 17/17
 25735 | Lair:6   | Reached skill level 17 in Dodging
 26726 | D:12     | Found a blossoming altar of Fedhas.
 29334 | D:14     | Reached skill level 5 in Transmutations
 29738 | D:14     | Bought the ring "Osuathra" {EV+1 Dex+2} for 198 gold pieces
 29738 | D:14     | Bought the ring "Feafot" {MP+9 Dex+4 SInv} for 554 gold pieces
 30320 | D:14     | Found a gate to the Vaults.
 30334 | D:15     | Entered Level 15 of the Dungeon
 30348 | D:15     | Reached XP level 16. HP: 133/139 MP: 21/21
 30576 | D:15     | Found a staircase to the Depths.
 30880 | D:15     | Reached skill level 5 in Poison Magic
 31346 | Elf:1    | Entered Level 1 of the Elven Halls
 31788 | Elf:1    | Reached skill level 18 in Dodging
 31799 | Elf:1    | Reached skill level 5 in Evocations
 32145 | Elf:1    | Cast into level 3 of the Abyss (a deep elf sorcerer)
 32235 | Abyss:3  | Found a corrupted altar of Lugonu.
 32342 | Elf:1    | Escaped the Abyss
 32809 | Snake:1  | Entered Level 1 of the Snake Pit
 33008 | Orc:2    | Bought a scroll of identify for 32 gold pieces
 33008 | Orc:2    | Bought a scroll of identify for 32 gold pieces
 33058 | Orc:2    | Bought a scroll of acquirement for 832 gold pieces
 33062 | Orc:2    | Got a heavily runed buckler
 33073 | Orc:2    | Identified the +2 buckler "Imenapn" {rPois} (You acquired it on level 2 of the Orcish Mines)
 33595 | Snake:1  | Reached skill level 5 in Spellcasting
 33791 | Snake:1  | Noticed Nikola
 33807 | Snake:1  | Killed Nikola
 33807 | Snake:1  | Reached XP level 17. HP: 95/147 MP: 16/24
 33918 | Snake:1  | Noticed Aizul
 33936 | Snake:1  | Killed Aizul
 35137 | Shoals:1 | Entered Level 1 of the Shoals
 35157 | Lair:4   | Bought a pair of glowing boots for 217 gold pieces
 35167 | Lair:4   | Identified a +2 pair of boots of running (You bought it in a shop on level 4 of the Lair of Beasts)
 35172 | Lair:4   | Bought a pair of runed gloves for 217 gold pieces
 35190 | Lair:4   | Bought a faintly humming leather armour for 203 gold pieces
 35190 | Lair:4   | Bought a slimy ring mail for 261 gold pieces
 35202 | Lair:4   | Identified the +2 leather armour "Fehenic" {Int+4} (You bought it in a shop on level 4 of the Lair of Beasts)
 35212 | Lair:4   | Identified the +0 ring mail "Woury" {*Contam rF+ rN+ Int+3} (You bought it in a shop on level 4 of the Lair of Beasts)
 35252 | Lair:4   | Gained mutation: Scrolls take you a little longer to read. [mutagenic glow]
 36392 | Shoals:2 | Reached skill level 19 in Dodging
 37469 | Shoals:2 | Reached XP level 18. HP: 153/156 MP: 27/27
 38266 | Snake:2  | Learned a level 2 spell: Blink
 38794 | Snake:3  | Noticed Asterion
 38827 | Snake:3  | Killed Asterion
 40197 | Elf:2    | Noticed Agnes
 40216 | Elf:2    | Killed Agnes
 40276 | Elf:2    | Found a runed gate.
 40276 | Elf:2    | Found a runed gate.
 40276 | Elf:2    | Found a runed gate.
 40711 | Elf:3    | Entered Level 3 of the Elven Halls
 40753 | Elf:3    | Reached skill level 20 in Dodging
 40764 | Elf:3    | Found an ancient bone altar of Kikubaaqudgha.
 40927 | Elf:3    | Reached skill level 10 in Transmutations
 41178 | Elf:3    | Reached XP level 19. HP: 164/164 MP: 29/29
 41632 | Elf:3    | Got a warped tin ring
 41633 | Elf:3    | Got a polished leather armour
 41644 | Elf:3    | Identified the +3 leather armour "Lucsetok" {rF++ Dex+4} (You took it off a deep elf knight on level 3 of the Elven Halls)
 41769 | Elf:3    | Got a translucent leather armour
 41780 | Elf:3    | Identified the +0 leather armour of Nopsy {*Corrode rElec rPois} (You took it off a deep elf archer on level 3 of the Elven Halls)
 41922 | Elf:3    | Identified the ring "Pacun" {rElec rPois Str+3 Dex+3} (You took it off a deep elf knight on level 3 of the Elven Halls)
 42580 | Elf:3    | Found the +2 hat of the Bear Spirit {Spirit, +Rage rN+ MR++}
 42597 | Elf:3    | Got a heavily runed cloak
 42603 | Elf:3    | Identified the +2 cloak "Owkudikack" {rF+ Dex+4} (You found it on level 3 of the Elven Halls)
 42632 | Elf:3    | Learned a level 1 spell: Apportation
 42964 | Elf:3    | Identified the Compendium of Confrontation
 43373 | Snake:3  | Got a faintly humming hat
 43384 | Snake:3  | Identified the +2 hat of Knowledge {rF++ Slay+4 Stlth-} (You acquired it on level 3 of the Snake Pit)
 43513 | Snake:4  | Entered Level 4 of the Snake Pit
 43541 | Snake:4  | Found Uden Ycs's Book Shop.
 43622 | Snake:4  | Noticed Mara
 43657 | Snake:4  | Killed Mara
 43681 | Snake:4  | Reached skill level 15 in Shields
 43888 | Snake:4  | Reached XP level 20. HP: 114/174 MP: 32/32
 44292 | Snake:4  | Reached skill level 21 in Dodging
 45592 | Snake:4  | Got a serpentine rune of Zot
 45973 | Vaults:1 | Entered Level 1 of the Vaults
 46143 | Vaults:1 | Reached skill level 10 in Poison Magic
 46516 | Vaults:1 | Paralysed by a sphinx for 3 turns
 46569 | Vaults:1 | Noticed matthes123's ghost (adept MiBe)
 46616 | Vaults:1 | Killed matthes123's ghost
 47627 | Vaults:2 | Reached skill level 15 in Polearms
 47841 | Vaults:2 | Found Tecet's Book Shop.
 48071 | Vaults:2 | Reached XP level 21. HP: 179/182 MP: 33/33
 48163 | Vaults:2 | Paralysed by a wizard for 5 turns
 49273 | Vaults:3 | Reached skill level 22 in Dodging
 50604 | Shoals:4 | Entered Level 4 of the Shoals
 50671 | Shoals:4 | Noticed Bai Suzhen
 50683 | Shoals:4 | Killed Bai Suzhen
 50683 | Shoals:4 | Reached skill level 1 in Air Magic
 50774 | Shoals:4 | Reached skill level 1 in Translocations
 50844 | Shoals:4 | Noticed Ilsuiw
 50850 | Shoals:4 | Reached skill level 1 in Earth Magic
 50870 | Shoals:4 | Killed Ilsuiw
 50985 | Shoals:4 | Got a pitted buckler
 50996 | Shoals:4 | Identified the +3 buckler "Pivoesti" {*Slow rF- rC+++ Dex+4} (You found it on level 4 of the Shoals)
 51631 | Shoals:4 | Reached XP level 22. HP: 137/191 MP: 35/35
 51638 | Shoals:4 | Got a barnacled rune of Zot
 51750 | Shoals:4 | Noticed Louise
 51773 | Shoals:4 | Killed Louise
 52507 | Depths:1 | Entered Level 1 of the Depths
 52791 | Depths:1 | Got a faintly glowing granite ring
 53020 | Depths:1 | Found an iron altar of Okawaru.
 53081 | Depths:1 | Found a gateway to Hell.
 53205 | Depths:1 | Found a bloodstained altar of Trog.
 54718 | Vaults:3 | Reached skill level 10 in Spellcasting
 54971 | Vaults:3 | Reached XP level 23. HP: 116/199 MP: 37/37
 55372 | Vaults:3 | Found a staircase to the Crypt.
 55372 | Vaults:3 | Found a basalt altar of Yredelemnul.
 55373 | Vaults:3 | Found an ancient bone altar of Kikubaaqudgha.
 55946 | Vaults:3 | Identified the ring of the Shining Light {Int+5 SInv} (You found it on level 1 of the Depths)
 56129 | Vaults:4 | Reached skill level 23 in Dodging
 56282 | Vaults:4 | Noticed Boris
 56292 | Vaults:4 | Killed Boris
 56327 | Vaults:4 | Found an ancient bone altar of Kikubaaqudgha.
 56350 | Vaults:4 | Found Leoboap's Jewellery Shop.
 56823 | Vaults:4 | Cast into level 3 of the Abyss (a deep elf sorcerer)
 57500 | Abyss:3  | Gained mutation: Your spells are a little easier to cast, but a little less powerful. [a neqoxec]
 57516 | Abyss:3  | Lost mutation: You are agile. (Dex +2) [a neqoxec]
 57608 | Abyss:3  | Paralysed by accursed screaming for 1 turns
 57777 | Abyss:3  | Found a corrupted altar of Lugonu.
 57911 | Abyss:3  | Noticed an ancient lich
 57912 | Abyss:3  | Paralysed by accursed screaming for 1 turns
 58282 | Abyss:4  | Paralysed by accursed screaming for 1 turns
 58702 | Abyss:5  | Entered Level 5 of the Abyss
 58807 | Abyss:5  | Reached skill level 5 in Air Magic
 58832 | Abyss:5  | Paralysed by accursed screaming for 1 turns
 58994 | Abyss:5  | Reached XP level 24. HP: 73/208 MP: 33/33
 59072 | Abyss:5  | Paralysed by you for 2 turns
 59176 | Abyss:5  | Paralysed by accursed screaming for 1 turns
 59183 | Abyss:5  | Paralysed by accursed screaming for 1 turns
 59223 | Vaults:4 | Escaped the Abyss
 59282 | Vaults:4 | Bought a potion of haste for 150 gold pieces
 59282 | Vaults:4 | Bought a potion of curing for 45 gold pieces
 59282 | Vaults:4 | Bought 2 potions of heal wounds for 150 gold pieces
 59282 | Vaults:4 | Bought a potion of curing for 45 gold pieces
 59905 | Vaults:5 | Entered Level 5 of the Vaults
 60027 | Vaults:5 | Identified Bofis's Guide on Glacial Curses
 60185 | Vaults:5 | Noticed Mennas
 60409 | Vaults:5 | Learned a level 5 spell: Alistair's Intoxication
 60627 | Vaults:5 | Reached skill level 24 in Dodging
 60780 | Vaults:5 | Got a smelly scale mail
 60786 | Vaults:5 | Identified the +4 scale mail "Ymucis" {rElec Int+2} (You found it on level 5 of the Vaults)
 60805 | Vaults:5 | Noticed a caustic shrike
 60811 | Vaults:5 | a caustic shrike changed into an iron troll
 60875 | Vaults:5 | Noticed an ancient lich
 60884 | Vaults:5 | Killed an ancient lich
 61029 | Vaults:5 | Got a silver rune of Zot
 61037 | Vaults:5 | Got a warped turquoise ring
 61039 | Vaults:5 | Identified the ring of the Komtur {MP+9 Str+4 Dex-2 SInv} (You found it on level 5 of the Vaults)
 61091 | Vaults:5 | Got a heavily runed amber ring
 61093 | Vaults:5 | Identified the ring of Syndicalism {rF+ SInv} (You found it on level 5 of the Vaults)
 61451 | Vaults:5 | Got an ichor-stained ring mail
 61457 | Vaults:5 | Identified the +3 ring mail of Unlafran {Str+2} (You found it on level 5 of the Vaults)
 61676 | Vaults:5 | Identified the amulet "Yleaph" {Spirit +Blink +Inv +Fly rF-} (You found it on level 5 of the Vaults)
 61884 | Vaults:5 | Killed Mennas
 62548 | Vaults:2 | Lost mutation: Your spells are a little easier to cast, but a little less powerful. [potion of mutation]
 62548 | Vaults:2 | Lost mutation: Scrolls take you a little longer to read. [potion of mutation]
 62548 | Vaults:2 | Gained mutation: You are clumsy. (Dex -2) [potion of mutation]
 62548 | Vaults:2 | Gained mutation: You are very clumsy. (Dex -4) [potion of mutation]
 62548 | Vaults:2 | Gained mutation: You are partially covered in molten scales. (AC +2) [potion of mutation]
 62622 | Vaults:2 | Lost mutation: You are very clumsy. (Dex -4) [potion of mutation]
 62622 | Vaults:2 | Lost mutation: You are clumsy. (Dex -2) [potion of mutation]
 62622 | Vaults:2 | Gained mutation: Your flesh is cold resistant. (rC+) [potion of mutation]
 62622 | Vaults:2 | Gained mutation: Your spells are a little easier to cast, but a little less powerful. [potion of mutation]
 62622 | Vaults:2 | Gained mutation: You are weak. (Str -2) [potion of mutation]
 62622 | Vaults:2 | Gained mutation: You have an increased reservoir of magic. (+10% MP) [potion of mutation]
 63231 | Depths:2 | Noticed a juggernaut
 63561 | Depths:2 | Found a one-way gate leading to the halls of Pandemonium.
 64147 | Depths:2 | Reached skill level 10 in Evocations
 64516 | Hell     | Entered the Vestibule of Hell
 64519 | Hell     | Noticed Geryon
 64550 | Hell     | Reached XP level 25. HP: 203/217 MP: 41/41
 65354 | Depths:3 | Identified the cursed +1 scale mail of the Thunderstorm {Str+3 Slay+2} (You found it on level 3 of the Depths)
 65507 | Depths:3 | Got a heavily runed hat
 65518 | Depths:3 | Identified the +0 hat of Upsudd {Int+2} (You found it on level 3 of the Depths)
 65597 | Depths:3 | Reached skill level 25 in Dodging
 65702 | Depths:3 | Paralysed by an ogre mage for 3 turns
 65903 | Depths:3 | Paralysed by a great orb of eyes for 2 turns
 66243 | Depths:3 | Found a one-way gate to the infinite horrors of the Abyss.
 66527 | Depths:4 | Learned a level 3 spell: Ignite Poison
 66527 | Depths:4 | Found a flickering gateway to a bazaar.
 66575 | Bazaar   | Entered a bazaar
 66584 | Bazaar   | Found Noheh's Book Boutique.
 66604 | Bazaar   | Found Puohol's Book Boutique.
 66604 | Bazaar   | Found Exeheif's Book Boutique.
 66629 | Bazaar   | Found Apnuuhak's Jewellery Shop.
 66637 | Bazaar   | Bought the ring of Suspicion {-Tele rN+ Str+3 Dex+6 SInv} for 746 gold pieces
 66773 | Depths:4 | Learned a level 4 spell: Petrify
 67522 | Depths:4 | Got a pitted ring mail
 67533 | Depths:4 | Identified the +4 ring mail of the Invisible Hand {MR+ Str+5} (You found it on level 4 of the Depths)
 67780 | Depths:5 | Entered Level 5 of the Depths
 67989 | Depths:5 | Found a gateway to a ziggurat.
 68004 | Depths:5 | Reached XP level 26. HP: 171/227 MP: 41/41
 69048 | Depths:5 | Found Edick's Jewellery Shoppe.
 69333 | Depths:5 | Found a gate to the Realm of Zot.
 69857 | Crypt:1  | Entered Level 1 of the Crypt
 69880 | Crypt:1  | Found the +3 hat of Pondering {ponderous, MR+ MP+10 Int+5}
 70024 | Crypt:1  | Reached skill level 26 in Dodging
 70936 | Crypt:1  | Bought a jewelled hat for 270 gold pieces
 70936 | Crypt:1  | Bought a fine leather armour for 210 gold pieces
 70936 | Crypt:1  | Bought a smoking ring mail for 270 gold pieces
 70953 | Crypt:1  | Identified the +0 leather armour of the Devil's Advocate {Str+4} (You bought it in a shop on level 1 of the Crypt)
 70963 | Crypt:1  | Identified the +0 ring mail of the Arcane {rF+ Str+4} (You bought it in a shop on level 1 of the Crypt)
 70983 | Crypt:1  | Identified the +0 hat "Ackanoo" {Dex+7} (You bought it in a shop on level 1 of the Crypt)
 72020 | Crypt:2  | Learned a level 3 spell: Regeneration
 72274 | Crypt:3  | Entered Level 3 of the Crypt
 73565 | Crypt:3  | Found a staircase to the Tomb.
 73712 | Crypt:3  | Found an ancient bone altar of Kikubaaqudgha.
 73723 | Crypt:3  | Reached XP level 27. HP: 237/237 MP: 41/41
 73756 | Crypt:3  | Identified the Guide on Dark Magic
 73769 | Crypt:3  | Noticed an ancient lich
 73779 | Crypt:3  | Killed an ancient lich
 74284 | Tomb:1   | Entered Level 1 of the Tomb of the Ancients
 75152 | Tomb:1   | Noticed a greater mummy
 75165 | Tomb:1   | Killed a greater mummy
 75168 | Tomb:1   | Noticed a greater mummy
 75184 | Tomb:1   | Killed a greater mummy
 75962 | Tomb:2   | Noticed a greater mummy
 75963 | Tomb:2   | Noticed a greater mummy
 75963 | Tomb:2   | Noticed a greater mummy
 75966 | Tomb:2   | Noticed a greater mummy
 75974 | Tomb:2   | Noticed a greater mummy
 75998 | Tomb:2   | Killed a greater mummy
 77762 | Depths:1 | Reached skill level 27 in Dodging
 78371 | Orc:2    | Bought a scroll of summoning for 142 gold pieces
 78375 | Orc:2    | Bought a sack of spiders for 340 gold pieces
 78375 | Orc:2    | Bought a phantom mirror for 510 gold pieces
 78566 | Slime:1  | Entered Level 1 of the Pits of Slime
 78880 | Slime:5  | Entered Level 5 of the Pits of Slime
 79139 | Slime:5  | Noticed the Royal Jelly
 79156 | Slime:5  | HP: 10/239 [acid[the Royal Jelly] (9)]
 79157 | Slime:5  | Splashed by an acid blob's acid

Skill      XL: |  1  2  3  4  5  6  7  8  9 10 11 12 13 14 15 16 17 18 19 20 21 22 23 24 25 26 27 |
---------------+----------------------------------------------------------------------------------+-----
Polearms       | 5 7 8 11 13 14 15 16 17 18 19 | 19.2
Fighting       | 4 5 7 9 10 12 13 14 15 16 17 18 19 20 21 22 23 24 | 24.3
Armour         | 2 4 6 7 |  7.1
Dodging        | 6 9 11 13 15 16 17 18 19 20 21 22 23 24 25 26 27 | 27.0
Shields        | 2 6 9 10 11 12 13 14 15 16 17 18 19 20 21 | 21.0
Transmutations | 2 5 7 8 10 | 10.7
Poison Magic   | 2 4 6 7 8 9 10 | 10.7
Spellcasting   | 1 3 5 6 7 8 9 10 11 | 11.0
Evocations     | 2 4 5 6 7 9 10 11 12 | 12.7
Air Magic      | 1 3 5 |  5.0
Translocations | 1 3 |  3.5
Earth Magic    | 1 3 |  3.3
Throwing       | |  2.0

Action                   |  1- 3 |  4- 6 |  7- 9 | 10-12 | 13-15 | 16-18 | 19-21 | 22-24 | 25-27 || total
-------------------------+-------+-------+-------+-------+-------+-------+-------+-------+-------++-------
Melee: Trident           |   131 |   139 |   591 |  1287 |   390 |       |       |       |       ||  2538
       Tailslap          |       |       |       |     4 |    47 |    41 |    39 |    15 |    60 ||   206
       Lance             |       |       |       |       |  1281 |  2043 |  2291 |  2412 |  2633 || 10660
       Unarmed           |       |       |       |       |       |       |       |     4 |       ||     4
Throw: Throwing net      |       |       |       |     6 |     4 |       |     5 |     1 |     1 ||    17
 Cast: Mephitic Cloud    |       |       |       |       |       |       |       |     1 |       ||     1
Invok: Call Merchant     |       |       |       |       |     1 |     1 |       |     1 |     1 ||     4
       Potion Petition   |       |       |       |       |     1 |       |       |    12 |     6 ||    19
       Bribe Branch      |       |       |       |       |       |       |       |     1 |     1 ||     2
 Abil: Evoke Berserk Rag |       |       |       |     1 |     3 |       |       |       |       ||     4
Evoke: Wand              |       |       |       |    10 |     5 |     4 |     7 |     1 |    11 ||    38
       Lamp of fire      |       |       |       |       |     1 |       |       |     1 |     1 ||     3
       Sack of spiders   |       |       |       |       |     1 |       |       |       |     2 ||     3
       Phial of floods   |       |       |       |       |       |     1 |     1 |     1 |     2 ||     5
       Lightning rod     |       |       |       |       |       |       |     8 |     9 |     2 ||    19
       Box of beasts     |       |       |       |       |       |       |       |     1 |     6 ||     7
       Phantom mirror    |       |       |       |       |       |       |       |       |     4 ||     4
  Use: Potion            |     1 |     1 |     3 |    10 |     6 |     7 |     2 |    18 |     9 ||    57
       Scroll            |       |     4 |     1 |     6 |    12 |    11 |    12 |    16 |    10 ||    72
 Stab: Sleeping          |     3 |     2 |     3 |     6 |     7 |    15 |     3 |     4 |    10 ||    53
       Distracted        |       |     1 |       |     6 |    15 |    19 |    38 |    59 |    30 ||   168
       Held in net/web   |       |       |       |     5 |       |       |     2 |     3 |     4 ||    14
       Paralysed         |       |       |       |     2 |     3 |       |     1 |       |       ||     6
       Confused          |       |       |       |       |     1 |       |       |     6 |       ||     7
       Petrifying        |       |       |       |       |       |     3 |       |       |       ||     3
       Invisible         |       |       |       |       |       |       |       |    20 |    23 ||    43
       Betrayed ally     |       |       |       |       |       |       |       |     1 |       ||     1
  Eat: Chunk             |     1 |     5 |     8 |       |       |       |     2 |     2 |       ||    18
       Ration            |       |       |     1 |    11 |    13 |    10 |     9 |    11 |    14 ||    69
Armor: Leather armour    |    16 |    26 |    73 |       |       |       |    86 |    62 |    36 ||   299
       Scale mail        |       |       |    62 |       |       |       |       |       |       ||    62
       Robe              |       |       |     1 |   105 |    77 |    91 |     5 |       |       ||   279
       Ring mail         |       |       |       |       |       |       |       |       |    76 ||    76
Dodge: Dodged            |    75 |    66 |   253 |   594 |   654 |   858 |   695 |   642 |   707 ||  4544
       Deflected         |       |       |       |       |     4 |    45 |     7 |       |       ||    56
Block: Buckler           |       |       |       |   191 |   415 |   583 |  1247 |   705 |       ||  3141
       Reflection        |       |       |       |     7 |    74 |    92 |   200 |   112 |    45 ||   530
       Large shield      |       |       |       |       |       |       |       |   703 |  2315 ||  3018
